 Dungeon Crawl Stone Soup version 0.20-a0-1124-g2e29d97 (webtiles) character file.

3200 kuniqs the Skirmisher (level 9, -10/48 HPs)
             Began as a Vine Stalker Fighter on May 17, 2017.
             Was a Priest of Uskayaw.
             Mangled by a cyan ugly thing (14 damage)
             ... on level 8 of the Dungeon.
             The game lasted 00:10:28 (5836 turns).

kuniqs the Skirmisher (Vine Stalker Fighter)        Turns: 5836, Time: 00:10:29

Health: -10/48     AC: 18    Str: 19    XL:     9   Next: 96%
Magic:  0/9        EV: 13    Int:  8    God:    Uskayaw [***...]
Gold:   237        SH:  6    Dex: 17    Spells: 8/8 levels left

rFire    . . .     SeeInvis +   a - +0 rapier
rCold    . . .     Gourm    .   m - +0 buckler
rNeg     + . .     Faith    .   b - +0 scale mail
rPois    .         Spirit   +   r - +2 helmet
rElec    .         Reflect  .   (no cloak)
rCorr    .         Harm     .   D - +0 pair of gloves (curse)
MR       ++...                  C - +1 pair of boots
Stlth    ..........             (no amulet)
Regen    0.6/turn               l - +4 ring of protection
MPRegen  0.2/turn               H - ring of positive energy

@: no status effects
A: fangs 3, see invisible, low mp 1, magic resistance 1, regeneration 1, magic
shield, antimagic bite, no potion heal 3, rot immunity
a: Stomp, Line Pass, Renounce Religion


You were on level 8 of the Dungeon.
You worshipped Uskayaw.
Uskayaw was noncommittal.
You were hungry.

You visited 2 branches of the dungeon, and saw 9 of its levels.

You collected 367 gold pieces.
You spent 130 gold pieces at shops.

Inventory:

Hand Weapons
 a - a +0 rapier (weapon)
Missiles
 q - 5 tomahawks of returning (quivered)
Armour
 b - a +0 scale mail (worn)
 c - a +0 shield
 m - a +0 buckler (worn)
 r - a +2 helmet (worn)
 C - a +1 pair of boots (worn)
 D - a cursed +0 pair of gloves (worn)
Jewellery
 l - a +4 ring of protection (left hand)
 H - a ring of positive energy (right hand)
Wands
 f - a wand of polymorph (6/24)
 p - a wand of scattershot (6/9)
 G - a wand of disintegration (7/24)
Scrolls
 j - 6 scrolls of teleportation
 k - 2 scrolls of fog
 n - a scroll of remove curse {@r2}
 w - a scroll of magic mapping {unknown}
 x - a scroll of blinking {unknown}
 y - a scroll of immolation {unknown}
 A - a scroll of recharging {unknown}
 I - a scroll of enchant armour {unknown}
Potions
 g - a potion of berserk rage
 h - 4 potions of curing {@q1}
 i - 3 potions of lignification
 o - 4 potions of cancellation
 t - a potion of flight
 u - 2 potions of agility
 v - 3 potions of mutation
 z - 2 potions of invisibility
 B - a potion of ambrosia
Comestibles
 d - 8 bread rations
 e - 2 meat rations
 s - 2 royal jellies


   Skills:
 + Level 6.2 Fighting
 + Level 5.9 Short Blades
 + Level 5.6 Armour
 + Level 4.9 Dodging
 + Level 6.1 Shields
 + Level 0.2 Invocations


You had 8 spell levels left.
You didn't know any spells.

Dungeon Overview and Level Annotations

Branches:
Dungeon (8/15)             Temple (1/1) D:7
   Lair: D:8-11

Altars:
Ashenzari
Cheibriados
Dithmenos
Elyvilon
Fedhas
Gozag
Hepliaklqana
Kikubaaqudgha
Makhleb
Nemelex Xobeh
Okawaru
Qazlal
Ru
Sif Muna
Trog
Uskayaw
Wu Jian
Xom
Yredelemnul
Zin
The Shining One

Shops:
D:6 !


Innate Abilities, Weirdness & Mutations

You have razor-sharp teeth.
Your natural rate of healing is unusually fast.
When hurt, damage is shared between your health and your magic reserves.
Your bite disrupts and absorbs the magic of your enemies.
Potions cannot restore your health.
You are immune to rotting.
You have supernaturally acute eyesight. (SInv)
Your magical capacity is low. (-10% MP)
You are resistant to hostile enchantments. (MR+)


Message History

You hit the cyan ugly thing. Your bite misses the cyan ugly thing.
The cyan ugly thing stings you. The cyan ugly thing shocks you!
You puncture the cyan ugly thing! Your bite misses the cyan ugly thing.
The cyan ugly thing stings you! The cyan ugly thing shocks you!
Uskayaw will force your foes to helplessly watch your dance.
Uskayaw prepares the audience for your solo!
The helpless cyan ugly thing fails to defend itself.
You puncture the cyan ugly thing!
The cyan ugly thing is no longer paralysed.
The cyan ugly thing stings you but does no damage.
You hit the cyan ugly thing but do no damage.
You bite the cyan ugly thing. You drain its power.
You feel invigorated. The cyan ugly thing stings you.
The cyan ugly thing shocks you!
* * * LOW HITPOINT WARNING * * *
You hit the cyan ugly thing but do no damage.
You bite the cyan ugly thing. You drain its power.
You feel invigorated. The cyan ugly thing stings you.
* * * LOW HITPOINT WARNING * * *
The cyan ugly thing shocks you!
You die...

#.#####.#.########
#.####...........
#
#.#<......#######
#.###.####....#
#.....#.......#
##...(..#...####
#...............
#.......#...#####
#.###.#.@†......#
#.......u....#?#
.#####.#........#
#...........#.####
#.#####.###.#...
#.# #....... #.#
#.####### ..# #.#
..# #.#


You could see a cyan ugly thing.

Vanquished Creatures
  Pikel (D:4)
  Joseph (D:7)
  Grinder (D:4)
  Prince Ribbit (D:5)
  A hippogriff (D:7)
  Edmund (D:5)
  2 orc warriors
  2 necrophages
  A black bear (D:5)
  2 slaves (D:4)
  3 centaurs
  2 ogres
  A phantom (D:4)
  A bullfrog (D:8)
  2 crimson imps
  A jelly (D:5)
  3 orc priests (D:6)
  A hound (D:8)
  Jessica (D:3)
  A bullfrog skeleton (D:4)
  7 orc wizards
  2 worker ants
  A worker ant zombie (D:5)
  Robin (D:3)
  4 gnolls (D:3)
  5 adders
  3 shadow imps
  An ooze (D:1)
  2 dart slugs
  3 leopard geckos
  20 orcs
  2 ball pythons
  2 giant cockroaches
  20 goblins
  7 hobgoblins
  10 jackals
  6 kobolds
  4 quokkas
  6 bats
  5 frilled lizards
  A quokka skeleton (D:4)
  12 rats
153 creatures vanquished.

Vanquished Creatures (others)
  6 fungi (D:6)
6 creatures vanquished.

Grand Total: 159 creatures vanquished

Notes
Turn   | Place    | Note
-------+----------+-------------------------------------------
     0 | D:1      | kuniqs the Vine Stalker Fighter began the quest for the Orb.
     0 | D:1      | Reached XP level 1. HP: 11/11 MP: 2/2
   114 | D:1      | Reached XP level 2. HP: 16/16 MP: 3/3
   619 | D:2      | Found an ancient bone altar of Kikubaaqudgha.
   621 | D:2      | Reached skill level 1 in Dodging
   621 | D:2      | Reached XP level 3. HP: 13/19 MP: 4/4
  1385 | D:2      | Gained mutation: Your natural rate of healing is unusually fast. [Vine Stalker growth]
  1385 | D:2      | Reached XP level 4. HP: 17/24 MP: 5/5
  2041 | D:3      | Noticed Jessica
  2065 | D:3      | Killed Jessica
  2117 | D:3      | Found a bloodstained altar of Trog.
  2189 | D:3      | Noticed Robin
  2237 | D:3      | Killed Robin
  2237 | D:3      | Reached XP level 5. HP: 5/28 MP: 4/6
  2685 | D:4      | Noticed a phantom
  2699 | D:4      | Killed a phantom
  2699 | D:4      | Reached XP level 6. HP: 30/32 MP: 7/7
  2958 | D:4      | Found a shimmering altar of Xom.
  2959 | D:4      | Found a hazy altar of Hepliaklqana.
  2959 | D:4      | Noticed a thorn hunter
  2960 | D:4      | Noticed a spectral ugly thing
  2960 | D:4      | Noticed a thorn hunter
  3007 | D:4      | Noticed a slave
  3008 | D:4      | Noticed a slave
  3027 | D:4      | Killed a slave
  3076 | D:4      | Noticed a slave
  3080 | D:4      | Noticed Grinder
  3089 | D:4      | Killed a slave
  3097 | D:4      | Killed Grinder
  3097 | D:4      | Reached XP level 7. HP: 37/37 MP: 8/8
  3170 | D:4      | Found a basalt altar of Yredelemnul.
  3246 | D:4      | Noticed Pikel
  3280 | D:4      | Killed Pikel
  3280 | D:4      | Gained mutation: You have razor-sharp teeth. [Vine Stalker growth]
  3280 | D:4      | Reached XP level 8. HP: 42/42 MP: 9/9
  3388 | D:4      | Found a white marble altar of Elyvilon.
  3428 | D:5      | Entered Level 5 of the Dungeon
  3541 | D:5      | Gained mutation: You have supernaturally acute eyesight. (SInv) [potion of mutation]
  3541 | D:5      | Gained mutation: Your magical capacity is low. (-10% MP) [potion of mutation]
  3541 | D:5      | Gained mutation: You are resistant to hostile enchantments. (MR+) [potion of mutation]
  3601 | D:5      | Noticed Prince Ribbit
  3645 | D:5      | Killed Prince Ribbit
  3645 | D:5      | Reached skill level 5 in Fighting
  3752 | D:5      | Found a shadowy altar of Dithmenos.
  3791 | D:5      | Noticed Edmund
  3813 | D:5      | Killed Edmund
  3873 | D:5      | Found a glowing golden altar of the Shining One.
  3942 | D:5      | Reached skill level 5 in Shields
  3999 | D:5      | Reached XP level 9. HP: 47/47 MP: 9/9
  4448 | D:6      | Reached skill level 5 in Short Blades
  4571 | D:6      | Reached skill level 5 in Armour
  4777 | D:6      | Found Waintilo's Distillery.
  4780 | D:6      | Bought a potion of agility for 40 gold pieces
  4780 | D:6      | Bought a potion of invisibility for 80 gold pieces
  4780 | D:6      | Bought a potion of degeneration for 10 gold pieces
  5032 | D:7      | Noticed Joseph
  5054 | D:7      | Killed Joseph
  5633 | D:7      | Found a staircase to the Ecumenical Temple.
  5642 | Temple   | Entered the Ecumenical Temple
  5696 | Temple   | Became a worshipper of Uskayaw the Reveler
  5805 | D:8      | Reached * piety under Uskayaw
  5823 | D:8      | Noticed a cyan ugly thing
  5827 | D:8      | Reached ** piety under Uskayaw
  5833 | D:8      | Reached *** piety under Uskayaw
  5836 | D:8      | Mangled by a cyan ugly thing

Vault maps used:
D:1:      dpeg_arrival_rooms_c, minmay_bisected
D:2:      kennysheep_six_static_rooms, kiku_gazebo_pond_becter,
          kennysheep_generic_room_15
D:3:      lemuel_round_altar, uniq_jessica, uniq_robin
D:4:      kennysheep_ying_yang, regret_index_temple_of_mockery, uniq_pikel,
          uniq_grinder
D:5:      nicolae_dithmenos_through_a_glass_darkly, first_bread, tso_metal_star,
          uniq_prince_ribbit1, uniq_edmund
D:6:      serial_shops, shop, serial_aquarium, aquarium_bridge_long_separate,
          aquarium_bridge_straight, aquarium_window_1,
          aquarium_window_corridor_3, aquarium_view_2f, aquarium_view_2f,
          nrook_uturn, serial_park_tiny_1
D:7:      minmay_temple_entry_nine_rooms, uniq_joseph
D:8:      basic_altar, uniq_psyche
Temple:   regret_index_temple_waves

Skill      XL: |  1  2  3  4  5  6  7  8  9 |
---------------+----------------------------+-----
Short Blades   | 2 3 4 5 |  5.9
Dodging        | 1 2 3 4 |  4.9
Shields        | 3 4 5 6 |  6.1
Fighting       | 3 4 5 6 |  6.2
Armour         | 3 4 5 |  5.6
Invocations    | |  0.2

Action                   |  1- 3 |  4- 6 |  7- 9 || total
-------------------------+-------+-------+-------++-------
Melee: Rapier            |   105 |   200 |   335 ||   640
       Bite              |    18 |    64 |   130 ||   212
Throw: Tomahawk          |       |       |     1 ||     1
  Use: Scroll            |     3 |     5 |     5 ||    13
       Potion            |       |     1 |     2 ||     3
 Stab: Paralysed         |       |       |     1 ||     1
  Eat: Chunk             |     2 |     5 |     9 ||    16
Armor: Scale mail        |    55 |   131 |   116 ||   302
Dodge: Dodged            |    47 |   100 |   128 ||   275
Block: Shield            |    36 |       |       ||    36
       Buckler           |     7 |    52 |    82 ||   141
